 Dungeon Crawl Stone Soup version 0.27-a0-1060-gcb85b5eba1 (webtiles) character file.

Game seed: 8247695585546304950

28331 Gather the Summoner (level 13, -8/73 HPs)
             Began as an Octopode Ice Elementalist on Apr 16, 2021.
             Was a High Priest of Sif Muna.
             Killed from afar by an ice statue (26 damage)
             ... with a shard of ice
             ... in an ice cave on Apr 21, 2021.
             The game lasted 02:20:13 (22941 turns).

Gather the Summoner (Octopode Ice Elementalist)    Turns: 22941, Time: 02:20:13

Health: -8/73      AC: 12    Str:  8    XL:     13   Next: 38%
Magic:  6/21       EV: 14    Int: 20    God:    Sif Muna [*****.]
Gold:   655        SH:  7    Dex: 14    Spells: 2/23 levels left

rFire    . . .     SeeInvis +   y - +6 war axe (freeze)
rCold    + . .     Faith    +   B - +2 buckler {AC+3}
rNeg     . . .     Spirit   .   (helmet restricted)
rPois    .         Reflect  .   p - amulet of faith
rElec    .         Harm     .   l - ring of see invisible
rCorr    .         Rampage  .   f - ring of the Tortoise {AC+8}
Will     .....                  H - ring of protection from fire
Stlth    ++++......             T - ring of ice
HPRegen  0.22/turn              (no ring)
MPRegen  0.17/turn              (no ring)
                                (no ring)
                                (no ring)

@: mighty, unable to read
A: almost no armour, amphibious, 8 rings, camouflage 1, gelatinous body 1,
(nimble swimmer 1), tentacles, inability to read while threatened
a: Renounce Religion, Channel Magic, Forget Spell, Divine Exegesis


You were in an ice cave.
You worshipped Sif Muna.
Sif Muna was extremely pleased with you.
You visited 3 branches of the dungeon, and saw 15 of its levels.
You also visited: Ice Cave.

You collected 775 gold pieces.
You spent 120 gold pieces at shops.

Inventory:

Hand Weapons
 b - a +0 hunting sling
 y - a +6 war axe of freezing (weapon)
 D - a +0 dagger of venom
 M - a +4 vorpal dagger
Missiles
 g - 421 stones
 o - 60 sling bullets
 s - 62 poisoned darts (quivered)
 L - 5 throwing nets
Armour
 B - a +2 buckler of protection (worn)
Jewellery
 f - the ring of the Tortoise (right tentacle) {AC+8}
   (You found it on level 4 of the Dungeon)

   [ring of protection]

   It affects your AC (+8).
 l - a ring of see invisible (left tentacle)
 p - an amulet of faith (around mantle)
 H - a ring of protection from fire (on tentacle)
 T - a ring of ice (on tentacle)
Wands
 e - a wand of digging (14)
 h - a wand of polymorph (16)
 w - a wand of acid (13)
 C - a wand of iceblast (29)
 K - a wand of flame (68)
 S - a wand of paralysis (10)
Scrolls
 a - a scroll of enchant armour
 F - 2 scrolls of fog
 J - 3 scrolls of teleportation
 P - a scroll of fear
 R - a scroll of enchant weapon
Potions
 d - 2 potions of attraction
 m - a potion of resistance
 q - 7 potions of ambrosia
 x - 2 potions of cancellation
 z - 6 potions of curing
 A - 2 potions of magic
 E - a potion of mutation
 G - a potion of flight
 I - a potion of haste
 N - 2 potions of invisibility
 O - a potion of lignification


   Skills:
 - Level 1.5 Fighting
 - Level 4.5 Dodging
 - Level 6.0 Stealth
 - Level 4.0 Shields
 - Level 1.0 Unarmed Combat
 - Level 5.7 Spellcasting
 - Level 11.0 Summonings
 - Level 2.0 Translocations
 + Level 10.2 Transmutations
 - Level 9.0 Ice Magic
 + Level 10.4 Earth Magic
 - Level 3.5 Invocations
 - Level 1.3 Evocations


You had 2 spell levels left.
You knew the following spells:

 Your Spells              Type           Power      Damage    Failure   Level
a - Freeze                Ice            100%       1d11      1%          1
c - Call Imp              Summ           49%        N/A       1%          2
f - Ice Form              Ice/Tmut       61%        N/A       1%          4
i - Ozocubu's Armour      Ice            58%        N/A       1%          3
s - Statue Form           Tmut/Erth      31%        N/A       24%         6
x - Frozen Ramparts       Ice            100%       1d12      1%          3
z - Blink                 Tloc           N/A        N/A       7%          2

Your spell library contained the following spells:

 Spells                   Type           Power      Damage    Failure   Level
 Beastly Appendage        Tmut           92%        N/A       1%          1
 Wereblood                Tmut           46%        N/A       1%          2
 Ensorcelled Hibernation  Hex/Ice        70%        N/A       2%          2
 Animate Skeleton         Necr           10%        N/A       11%         1
 Corona                   Hex            5%         N/A       11%         1
 Magic Dart               Conj           20%        1d4       11%         1
 Pain                     Necr           20%        1d5       11%         1
 Searing Ray              Conj           10%        3d3       16%         2
 Slow                     Hex            5%         N/A       16%         2
 Static Discharge         Conj/Air       5%         N/A       16%         2
 Spider Form              Tmut/Pois      13%        N/A       4%          3
 Hydra Form               Tmut           23%        N/A       4%          5
 Ignite Poison            Fire/Tmut/Pois 19%        N/A       8%          3
 Leda's Liquefaction      Hex/Erth       13%        N/A       13%         4
 Hailstorm                Conj/Ice       35%        3d9       17%         4
 Portal Projectile        Hex/Tloc       18%        N/A       22%         3
 Blade Hands              Tmut           23%        N/A       24%         6
 Conjure Flame            Conj/Fire      5%         6-21      32%         3
 Inner Flame              Hex/Fire       5%         N/A       32%         3
 Mephitic Cloud           Conj/Pois/Air  5%         N/A       32%         3
 Vampiric Draining        Necr           2%         2d6       32%         3
 Irradiate                Conj/Tmut      13%        3d18      36%         5
 Metabolic Englaciation   Hex/Ice        17%        N/A       43%         5
 Bolt of Magma            Conj/Fire/Erth 9%         4d7       58%         5
 Animate Dead             Necr           2%         N/A       71%         4
 Cause Fear               Hex            2%         N/A       71%         4
 Fulminant Prism          Conj/Hex       2%         3d6       71%         4
 Dragon Form              Tmut           23%        N/A       80%         7
 Iron Shot                Conj/Erth      13%        9d3       89%         6
 Agony                    Necr           5%         N/A       96%         5
 Fireball                 Conj/Fire      2%         3d4       96%         5
 Starburst                Conj/Fire      2%         8x6d3     100%        6
 Ignition                 Fire           2%         3d3       100%        8
 Shatter                  Erth           23%        3d20*     100%        9
 Animate Armour           Summ/Erth      Unusable   N/A       N/A         4

Dungeon Overview and Level Annotations

Branches:
Dungeon (10/15)            Temple (1/1) D:5            Lair (4/6) D:10
 Shoals (0/4) Lair:2       Spider (0/4) Lair:3        IceCv (1/1)
    Orc: D:9-12

Altars:
Ashenzari
Cheibriados
Dithmenos
Elyvilon
Fedhas
Gozag
Hepliaklqana
Kikubaaqudgha
Makhleb
Nemelex Xobeh
Okawaru
Qazlal
Ru
Sif Muna
Trog
Uskayaw
Vehumet
Wu Jian
Xom
Yredelemnul
Zin
The Shining One
Jiyva

Shops:
D:6 *   D:9 !(!

Annotations:
D:9 2 transporters IceCv exclusion: ice statue


Innate Abilities, Weirdness & Mutations

You cannot wear most types of armour.
You are amphibious.
You can wear up to eight rings at the same time.
Your skin changes colour to match your surroundings (Stealth+).
Your rubbery body absorbs attacks. (AC +1, EV +1)
((You are camouflaged near water. (Stealth+)))
You have tentacles for arms and can constrict up to eight enemies at once.
You sometimes lose the ability to read scrolls when taking damage.


Message History

A beastly little devil appears in a puff of frigid air.
The ice beast hits you but does no damage.
The ice statue gestures.
The ice beast hits you but does no damage.
The ice statue gestures at you. The shard of ice hits you!
You partially resist.
You feel very mighty all of a sudden. The ice beast hits you.
The ice beast freezes you. You resist.
Your white imp hits the ice statue.
Your white imp freezes the ice statue.
The ice statue completely resists.
You block the ice beast's attack.
You slash the ice statue!
The ice statue is lightly damaged.
You barely miss the ice beast. You slice the ice beast!!
You revert to your normal fleshy form.
The ice beast hits you but does no damage.
Your white imp hits the ice statue but does no damage.
The ice beast closely misses you. You block the ice beast's attack.
The ice beast completely misses you. The ice statue gestures at you.
The freezing blast engulfs you! You resist.
You feel threatened and lose the ability to read scrolls!
Your white imp is engulfed in freezing vapours.
Your white imp hits the ice statue.
Your white imp freezes the ice statue.
The ice statue completely resists.
The ice beast hits you but does no damage.
The ice beast closely misses you.
You hit the ice statue but do no damage.
The ice statue is lightly damaged.
You closely miss the ice beast. You completely miss the ice beast.
You slash the ice beast!
You are engulfed in freezing vapours.
You resist. The ice statue gestures at you. The freezing blast misses you.
The ice beast hits you. The ice beast freezes you. You resist.
* * * LOW HITPOINT WARNING * * *
Your white imp is engulfed in freezing vapours.
Your white imp hits the ice statue but does no damage.
The ice beast closely misses you. You block the ice beast's attack.
The ice statue gestures at you. The shard of ice hits you!!
You partially resist.
You die...

## .## ..### #
...## ### ...####
..### ##○5.○.#
##..# ##.Y8Y○#
#..##########.☼Y@#
.#...##...##...###
#####...##...###
##########


You could see an ice statue (ally target), 3 ice beasts and a friendly white imp
(summoned).

Vanquished Creatures
  Fannar (Lair:2)
  A two-headed ogre (D:10)
  Urug (Lair:3)
  Pikel (D:4)
  An oklob plant (D:10)
  Maurice (D:8)
  A centaur zombie (D:10)
  2 black mambas (Lair:1)
  A torpor snail (Lair:2)
  2 rime drakes
  A komodo dragon (Lair:4)
  3 cane toads
  Psyche (D:8)
  A queen bee (Lair:3)
  10 polar bears
  2 trolls
  3 jumping spiders (Lair:3)
  Prince Ribbit (Lair:2)
  A snapping turtle (Lair:2)
  16 blink frogs
  A redback (Lair:3)
  3 wyverns
  25 yaks
  5 basilisks
  8 water moccasins
  2 black bears
  3 ice beasts
  A hornet zombie (D:7)
  4 orc warriors
  22 wolves
  3 ogres
  A necrophage (D:6)
  2 centaurs
  3 lemures (D:4)
  A kobold brigand (D:7)
  5 bullfrogs
  A gnoll sergeant (D:7)
  5 scorpions
  34 killer bees
  6 wights
  2 howler monkeys (D:9)
  An electric eel (Lair:3)
  3 orc priests
  A bullfrog skeleton (D:6)
  A gnoll shaman (D:8)
  A centaur skeleton (D:6)
  4 hounds
  2 iguanas
  7 orc wizards
  2 killer bee zombies
  13 gnolls
  3 white imps
  4 ufetubi
  An adder skeleton (D:4)
  2 worms (D:4)
  5 dart slugs
  24 orcs
  10 ball pythons
  10 endoplasms
  2 giant cockroaches
  2 hobgoblins (D:3)
  4 jackals
  14 kobolds
  4 quokkas
  A bat (D:3)
  16 frilled lizards
  13 goblins
  A rat (D:3)
339 creatures vanquished.

Vanquished Creatures (collateral kills)
  2 hydras
  A two-headed ogre (D:9)
  Nergalle (Lair:3)
  A jumping spider (Lair:3)
  A polar bear (Lair:2)
  3 blink frogs
  5 yaks
  2 basilisks (Lair:1)
  Menkaure (D:4)
  A water moccasin (Lair:1)
  An ice beast (D:6)
  A centaur (D:5)
  A bullfrog (Lair:1)
  A killer bee (Lair:3)
  A wight (D:7)
  2 centaur zombies
  An orc priest (D:10)
  A centaur skeleton (D:5)
  An iguana (D:6)
  An adder (D:6)
  A shadow imp (D:7)
  7 orcs
  A jackal (D:5)
  2 kobolds (D:7)
40 creatures vanquished.

Vanquished Creatures (others)
  A wolf (IceCv)
  32 fungi
  50 plants
83 creatures vanquished.

Grand Total: 462 creatures vanquished

Notes
Turn   | Place    | Note
-------+----------+-------------------------------------------
     0 | D:1      | Gather the Octopode Ice Elementalist began the quest for
                  | the Orb.
     0 | D:1      | Reached XP level 1. HP: 11/11 MP: 3/3
   266 | D:1      | Reached XP level 2. HP: 17/17 MP: 3/5
   780 | D:1      | Reached XP level 3. HP: 13/21 MP: 4/6
   844 | D:1      | Learned a level 3 spell: Frozen Ramparts
   935 | D:1      | Reached skill level 5 in Ice Magic
  2356 | D:3      | Reached XP level 4. HP: 22/27 MP: 1/7
  2444 | D:3      | Learned a level 3 spell: Ozocubu's Armour
  3056 | D:3      | Found a stormy altar of Qazlal.
  3634 | D:4      | Noticed a lemure
  3634 | D:4      | Noticed a lemure
  3642 | D:4      | Noticed a lemure
  3647 | D:4      | Reached XP level 5. HP: 31/31 MP: 1/8
  3647 | D:4      | Noticed Pikel
  3648 | D:4      | Killed a lemure
  3652 | D:4      | Killed a lemure
  3654 | D:4      | Noticed a lemure
  3676 | D:4      | Killed a lemure
  3681 | D:4      | Killed Pikel
  3682 | D:4      | Reached XP level 6. HP: 13/36 MP: 2/9
  3682 | D:4      | Reached XP level 7. HP: 15/41 MP: 2/10
  3894 | D:3      | Learned a level 2 spell: Call Imp
  4100 | D:4      | Found the ring of the Tortoise {AC+8}
  4150 | D:4      | Reached skill level 1 in Summonings
  4299 | D:4      | Noticed Menkaure
  4453 | D:5      | Entered Level 5 of the Dungeon
  4462 | D:4      | Reached skill level 2 in Summonings
  4753 | D:4      | Reached XP level 8. HP: 47/47 MP: 7/11
  4758 | D:4      | Learned a level 2 spell: Blink
  5390 | D:4      | Killed Menkaure
  5391 | D:4      | Reached skill level 1 in Fighting
  5551 | D:5      | Reached skill level 1 in Evocations
  5707 | D:5      | Reached skill level 3 in Summonings
  6054 | D:5      | Upgraded the game from 0.27-a0-994-g5030419646 to
                  | 0.27-a0-998-g4cfe56dd59
  6108 | D:5      | Found a staircase to the Ecumenical Temple.
  6117 | Temple   | Entered the Ecumenical Temple
  6407 | Temple   | Became a worshipper of Sif Muna the Loreminder
  6827 | D:6      | Reached skill level 4 in Summonings
  6830 | D:6      | Reached skill level 1 in Invocations
  7294 | D:6      | Reached XP level 9. HP: 52/53 MP: 1/13
  7759 | D:6      | Identified a scroll of acquirement
  7759 | D:6      | Acquired a +1 buckler of protection
  7826 | D:6      | Found Ajafuh's Assorted Antiques.
  7836 | D:6      | Bought a scroll labelled SUDOYKLE JEEWK for 30 gold pieces
  7836 | D:6      | Bought a scroll of identify for 60 gold pieces
  7836 | D:6      | Bought a scroll labelled DUNOEHOODA for 30 gold pieces
  7868 | D:6      | Reached skill level 5 in Summonings
  8130 | D:6      | Reached * piety under Sif Muna
  8447 | D:6      | Reached skill level 6 in Summonings
  8694 | D:6      | Reached skill level 1 in Shields
  8923 | D:6      | Upgraded the game from 0.27-a0-998-g4cfe56dd59 to
                  | 0.27-a0-1026-gbab068f60c
  9757 | D:7      | Reached ** piety under Sif Muna
  9759 | D:7      | Reached skill level 7 in Summonings
 10985 | D:7      | Reached skill level 8 in Summonings
 11197 | D:7      | Reached XP level 10. HP: 52/59 MP: 3/14
 11806 | D:7      | Upgraded the game from 0.27-a0-1026-gbab068f60c to
                  | 0.27-a0-1046-g98bf31544f
 11824 | D:8      | Noticed Psyche
 11843 | D:8      | Reached skill level 9 in Summonings
 12327 | D:8      | Noticed Maurice
 12344 | D:8      | Killed Maurice
 12564 | D:8      | Killed Psyche
 12565 | D:8      | Reached skill level 10 in Summonings
 12865 | D:8      | Reached *** piety under Sif Muna
 13051 | D:9      | Found Koli Neo's Weapon Shoppe.
 13088 | D:9      | Found Sulaf's Distillery.
 13088 | D:9      | Noticed a two-headed ogre
 13100 | D:9      | Killed a two-headed ogre
 13217 | D:9      | Found a hazy altar of Hepliaklqana.
 13463 | D:9      | Reached skill level 11 in Summonings
 13632 | D:9      | Found a transporter.
 13636 | D:9      | Found a transporter.
 13800 | D:9      | Found a viscous altar of Jiyva.
 13836 | D:9      | Found an ornate altar of the Wu Jian Council.
 13836 | D:9      | Found a sparkling altar of Nemelex Xobeh.
 13883 | D:9      | Found Bocok's Distillery.
 13944 | D:10     | Entered Level 10 of the Dungeon
 13954 | D:10     | Learned a level 4 spell: Ice Form
 14202 | D:10     | Noticed a two-headed ogre
 14219 | D:10     | Killed a two-headed ogre
 14220 | D:10     | Reached XP level 11. HP: 57/63 MP: 2/15
 14702 | D:10     | Found a staircase to the Lair.
 14703 | D:10     | Noticed an oklob plant
 15352 | D:10     | Killed an oklob plant
 15458 | Lair:1   | Entered Level 1 of the Lair of Beasts
 15470 | Lair:1   | Upgraded the game from 0.27-a0-1046-g98bf31544f to
                  | 0.27-a0-1048-g7ee7857c10
 15676 | Lair:1   | Reached skill level 5 in Transmutations
 16073 | Lair:1   | Noticed a six-headed hydra
 16092 | Lair:1   | Killed a seven-headed hydra
 16093 | Lair:1   | Reached skill level 5 in Spellcasting
 16489 | Lair:1   | Reached **** piety under Sif Muna
 16516 | Lair:1   | Learned a level 6 spell: Statue Form
 16616 | Lair:1   | Reached skill level 1 in Earth Magic
 16844 | Lair:1   | Reached skill level 1 in Unarmed Combat
 17665 | Lair:2   | Reached XP level 12. HP: 61/69 MP: 12/20
 17758 | Lair:2   | Noticed Fannar
 18150 | Lair:2   | Noticed a seven-headed hydra
 18159 | Lair:2   | Killed a nine-headed hydra
 18284 | Lair:2   | Noticed Prince Ribbit
 18297 | Lair:2   | Reached skill level 5 in Earth Magic
 18305 | Lair:2   | Killed Prince Ribbit
 18471 | Lair:3   | Noticed Nergalle
 18539 | Lair:2   | Killed Fannar
 19154 | Lair:2   | Found a staircase to the Shoals.
 19664 | Lair:3   | Noticed Urug
 19791 | Lair:2   | Reached ***** piety under Sif Muna
 19960 | Lair:2   | Identified Sif Muna's Guide on Enchanting Conjuration (Sif
                  | Muna gifted it to you on level 2 of the Lair of Beasts)
 19960 | Lair:2   | Received a gift from Sif Muna
 20177 | Lair:3   | Killed Urug
 20443 | Lair:3   | Upgraded the game from 0.27-a0-1048-g7ee7857c10 to
                  | 0.27-a0-1060-gcb85b5eba1
 20529 | Lair:3   | Killed Nergalle
 20757 | Lair:3   | Found a hole to the Spider Nest.
 20765 | Lair:3   | Gained mutation: You sometimes lose the ability to read
                  | scrolls when taking damage. [mutagenic glow]
 20774 | Lair:3   | Reached XP level 13. HP: 73/73 MP: 0/21
 21998 | Lair:4   | Found a frozen archway.
 22017 | IceCv    | Entered an ice cave
 22365 | IceCv    | Reached skill level 10 in Earth Magic
 22653 | IceCv    | Reached skill level 10 in Transmutations
 22941 | IceCv    | Killed from afar by an ice statue

Illustrated notes

Levels and vault maps discovered:
D:1:      roderic_dead_forest, layout_rooms, minmay_lizard_king
D:2:      layout_loops_ring, serial_park_tiny_2
D:3:      corexii_shack_village, layout_loops_corners, grunt_qazlal_sundering,
          ebering_dispersal_statue_hall, minmay_misc_feat_rugged, st_stairs_14,
          minmay_misc_feat_cross
D:4:      layout_basic, serial_curves, eino_curves_02, eino_curves_04,
          minmay_pentangle, uniq_menkaure, uniq_pikel
D:5:      layout_basic, temple_pool_b, grunt_ministairs_9
D:6:      layout_loops_ring, serial_shops, shop, hangedman_minor_gate_pass
D:7:      layout_loops_corners, hangedman_decor_growths,
          chequers_serial_rivers_micro_e
D:8:      layout_basic, uniq_maurice, uniq_psyche
D:9:      gammafunk_jiyva_shrine, layout_basic, nicolae_overflow_hidden_temple,
          gammafunk_temple_overflow_wave, serial_shops, shop, shop, shop
D:10:     layout_loops_ring, dpeg_oklobed_lair
Temple:   dpeg_five_rooms_temple
Lair:1:   layout_small_grid, grunt_megastairs_1
Lair:2:   layout_loops_ring, minmay_shoals_entry_hut, uniq_fannar,
          uniq_prince_ribbit2
Lair:3:   layout_roguey [special_room_bee], nicolae_spider_entry_tight_spaces,
          serial_bayou_shore_a, uniq_urug, uniq_nergalle
Lair:4:   layout_hall_layers, portal_ice_cave_entry_pillars_2, st_stairs_3,
          bh_autumn_forest_stairs, uniq_kirke
IceCv:    ice_cave_caverns_01

Skill      XL: |  1  2  3  4  5  6  7  8  9 10 11 12 13 |
---------------+----------------------------------------+-----
Ice Magic      | 5 6 7 9 |  9.0
Stealth        | 3 6 |  6.0
Dodging        | 4 |  4.5
Summonings     | 2 4 8 11 | 11.0
Translocations | 2 |  2.0
Fighting       | 1 |  1.5
Evocations     | 1 |  1.3
Spellcasting   | 3 5 |  5.7
Invocations    | 2 3 |  3.5
Shields        | 4 |  4.0
Transmutations | 4 6 8 10 | 10.2
Earth Magic    | 3 9 10 | 10.4
Unarmed Combat | 1 |  1.0

Action                   |  1- 3 |  4- 6 |  7- 9 | 10-12 | 13-15 || total
-------------------------+-------+-------+-------+-------+-------++-------
Melee: Short sword       |    31 |     1 |       |       |       ||    32
       Constrict         |     9 |     6 |    29 |    21 |    12 ||    77
       Tentacles         |     4 |     4 |    22 |    27 |    11 ||    68
       Hand axe          |       |    21 |    55 |       |       ||    76
       Dagger            |       |     2 |     2 |    16 |       ||    20
       Staff             |       |       |    10 |       |       ||    10
       War axe           |       |       |    70 |   158 |   115 ||   343
       Unarmed           |       |       |       |    64 |       ||    64
 Fire: Hunting sling     |       |     2 |     7 |       |       ||     9
Throw: Dart              |       |       |     2 |     1 |       ||     3
       Stone             |       |       |     1 |       |       ||     1
 Cast: Freeze            |    45 |     1 |       |     1 |       ||    47
       Frozen Ramparts   |     2 |    12 |    45 |    72 |    14 ||   145
       Ozocubu's Armour  |       |     3 |    43 |    52 |       ||    98
       Call Imp          |       |       |    91 |   139 |    18 ||   248
       Ice Form          |       |       |       |    12 |       ||    12
       Statue Form       |       |       |       |     3 |    17 ||    20
       Blink             |       |       |       |       |     1 ||     1
Evoke: Wand              |       |       |     1 |    14 |       ||    15
  Use: Scroll            |       |     6 |    14 |     7 |     2 ||    29
       Potion            |       |     2 |     1 |     4 |     1 ||     8
 Stab: Sleeping          |     8 |     5 |     4 |     4 |       ||    21
       Distracted        |       |       |       |     3 |       ||     3
Armor: Skin              |     2 |     4 |    60 |   248 |   179 ||   493
Dodge: Dodged            |    38 |     9 |   134 |   284 |   175 ||   640
Block: Buckler           |       |       |    29 |    67 |    97 ||   193

Table legend: (Time is in decaauts)
 A = Elapsed time spent in this place.
 B = Non-inter-level travel time spent in this place.
 C = Inter-level travel time spent in this place.
 D = Time resting spent in this place.
 E = Time spent auto-exploring this place.
 F = Levels seen in this place.
 G = Mean time per level.
                   A        B        C        D        E       F      G
               +--------+--------+--------+--------+--------+-----+--------+
         Total |  23514 |  22773 |    741 |   3444 |  14946 |  16 | 1469.6 |
       Dungeon |  15177 |  14591 |    586 |   2313 |   9734 |  10 | 1517.7 |
        Temple |    339 |    263 |     76 |      0 |    261 |   1 |  339.0 |
          Lair |   6847 |   6768 |     79 |    693 |   4600 |   4 | 1711.8 |
      Ice Cave |   1149 |   1149 |      0 |    438 |    351 |   1 | 1149.0 |
               +--------+--------+--------+--------+--------+-----+--------+

Top non-repeatable levels by time:
  Lair:2: 2868 daAuts
     D:6: 2510 daAuts
     D:7: 2137 daAuts
  Lair:3: 1927 daAuts
  Lair:1: 1899 daAuts
     D:3: 1757 daAuts
     D:4: 1686 daAuts
    D:10: 1527 daAuts
     D:1: 1463 daAuts
     D:5: 1406 daAuts
   IceCv: 1149 daAuts
     D:8: 1092 daAuts
     D:9: 900 daAuts
     D:2: 694 daAuts
  Temple: 339 daAuts
